AoeStats
← Kapitan Klak

Black Forest

509849103Analyzed
4v4 RM · 4d ago on Sep 28, 2026· 46m 56s· 8 players
Game mode
Random Map
Map size
Large (8 player)
Population
200
Speed
Normal
Resources
Standard
Victory
Conquest
Starting age
Dark Age
Ending age
Imperial Age
RankedLock teamsTeams togetherTeam positionsShared explorationLock speedFull tech treeHidden civsTurbo modeCheats
Victory
Defeat
🇮🇩 Portuguese · Indonesia
879
+9
🇩🇪 Bulgarians · Germany
836
+11
🇦🇺 Aztecs · Australia
830
+11
🇮🇳 Cumans · India
811
+12
🇨🇿 Bohemians · Czechia
815
-13
🇲🇽 Saxons · Mexico
755
-12
🇪🇸 Celts · Spain
689
-10
🇫🇷 Spanish · France
640
-8
ostiinn
0:31 Loom
12:43 Feudal Age
16:55 Castle Age
14:58 Double-Bit Axe
15:31 Horse Collar
18:02 Wheelbarrow
17:55 Heavy Plow
18:43 Bow Saw
31:42 Imperial Age
31:45 Capped Ram
31:47 Elite Hearth Troop
31:49 Shield Wall
32:56 Conscription
32:49 Siege Ram
34:26 Onager
37:18 Pikeman
37:59 Squires
38:02 Scale Mail Armor
38:12 Forging
40:54 Chemistry
40:15 Ballistics
Kapitan Klak
1:13 Loom
16:32 Feudal Age
17:22 Double-Bit Axe
26:05 Horse Collar
29:43 Castle Age
30:48 Bow Saw
30:41 Heavy Plow
32:42 Fortified Wall
38:21 Pikeman
39:01 Squires
alexisben78
0:40 Loom
13:35 Feudal Age
14:05 Double-Bit Axe
23:04 Castle Age
21:38 Fletching
21:38 Horse Collar
22:12 Stone Mining
22:06 Man-at-Arms
24:55 Bow Saw
28:08 Bodkin Arrow
34:25 Imperial Age
33:08 Pikeman
35:22 Murder Holes
35:05 Light Cavalry
37:36 Chemistry
39:46 Elite Conquistador
40:04 Cavalier
41:52 Ballistics
41:45 Bracer
42:17 Halberdier
adripanzer
0:41 Loom
14:13 Feudal Age
14:53 Horse Collar
15:00 Double-Bit Axe
16:04 Stone Mining
16:05 Gold Mining
22:36 Castle Age
21:06 Town Watch
23:25 Wheelbarrow
23:46 Heavy Plow
23:58 Bow Saw
25:57 Fortified Wall
25:59 Caravan
30:20 Hand Cart
32:58 Fletching
33:36 Ballistics
36:43 Imperial Age
34:51 Forging
34:43 Scale Mail Armor
37:17 Iron Casting
37:00 Chain Mail Armor
36:51 Town Patrol
38:25 Conscription
40:19 Chemistry
39:24 Pikeman
39:51 Gambesons
39:58 Halberdier
40:24 Halberdier
41:46 Halberdier
44:47 Onager
44:52 Heavy Scorpion
45:49 Furor Celtica
matthiasklopsch
0:55 Loom
13:08 Feudal Age
14:30 Wheelbarrow
13:47 Double-Bit Axe
13:48 Horse Collar
19:32 Gold Mining
20:56 Town Watch
21:16 Stone Mining
25:18 Fletching
27:49 Castle Age
26:11 Forging
26:07 Scale Barding Armor
27:13 Scale Mail Armor
27:05 Arson
28:48 Hand Cart
28:35 Town Patrol
29:28 Bodkin Arrow
29:55 Chain Barding Armor
30:11 Iron Casting
31:35 Gold Shaft Mining
32:19 Stone Shaft Mining
33:24 Caravan
33:43 Heavy Plow
33:57 Bow Saw
37:13 Chain Mail Armor
37:04 Stirrups
41:22 Imperial Age
40:39 Husbandry
40:50 Bloodlines
42:38 Murder Holes
43:46 Chemistry
43:06 Ballistics
44:34 Bracer
45:34 Blast Furnace
45:10 Plate Barding Armor
45:05 Plate Mail Armor
45:26 Cavalier
UlteriorParsley
0:30 Loom
12:34 Feudal Age
18:50 Castle Age
17:14 Double-Bit Axe
17:20 Horse Collar
29:48 Wheelbarrow
32:23 Imperial Age
30:09 Town Watch
32:23 Bow Saw
32:16 Heavy Plow
32:40 Onager
34:13 Hand Cart
39:37 Fletching
40:00 Forging
39:50 Scale Mail Armor
40:14 Conscription
40:54 Town Patrol
41:40 Iron Casting
41:20 Chain Mail Armor
40:29 Eagle Warrior
41:10 Squires
40:58 Arson
41:11 Elite Eagle Warrior
43:35 Blast Furnace
43:05 Plate Mail Armor
43:01 Garland Wars
RiSHisOm
0:39 Loom
12:50 Feudal Age
13:19 Double-Bit Axe
14:15 Wheelbarrow
15:41 Horse Collar
19:41 Castle Age
17:36 Gold Mining
21:45 Bow Saw
21:55 Heavy Plow
25:11 Gold Shaft Mining
26:12 Scale Barding Armor
27:10 Hand Cart
33:08 Imperial Age
32:00 Caravan
32:36 Chain Barding Armor
33:52 Padded Archer Armor
33:43 Fletching
34:49 Crop Rotation
35:39 Plate Barding Armor
35:20 Leather Archer Armor
37:53 Ring Archer Armor
37:19 Bodkin Arrow
36:55 Elite Steppe Lancer
45:03 Fervor
ayon
0:45 Loom
14:06 Feudal Age
14:33 Double-Bit Axe
20:51 Castle Age
19:57 Stone Mining
22:00 Bow Saw
23:19 Gold Mining
24:05 Stone Shaft Mining
24:29 Wheelbarrow
28:51 Imperial Age
30:01 Hand Cart
29:32 Town Watch
30:58 Two-Man Saw
32:53 Chemistry
32:17 Ballistics
33:59 Arquebus
33:31 Pikeman
34:40 Heated Shot
35:03 Masonry
35:45 Elite Organ Gun
40:39 Forging
40:29 Scale Mail Armor
40:35 Scale Barding Armor
40:33 Husbandry
39:54 Cavalier
42:13 Siege Engineers
42:39 Architecture
42:32 Chain Barding Armor
42:27 Chain Mail Armor
42:48 Iron Casting
45:47 Blast Furnace
45:18 Plate Mail Armor
45:23 Plate Barding Armor
Connection lost

Rejoining the realm…

Still unreachable

The connection could not be restored.

Session expired

The server has moved on; the page needs a fresh start.